 Dungeon Sprint DCSS version 0.21-a0-400-g417d9d2 (webtiles) character file.

25 Amnesiac the Sneak (level 2, -23/19 HPs)
             Began as a Demonspawn Earth Elementalist on Oct 20, 2017.
             Annihilated by an ogre
             ... wielding a +0 giant club
              (27 damage)
             ... in the Dungeon (Sprint I: "Red Sonja").
             The game lasted 00:01:09 (58 turns).

Amnesiac the Sneak (Demonspawn Earth Elementalist)    Turns: 58, Time: 00:01:09

Health: -23/19     AC:  4    Str:  8    XL:     2   Next: 82%
Magic:  2/5        EV: 12    Int: 16    God:
Gold:   0          SH:  0    Dex: 13    Spells: 2/5 levels left

rFire    . . .     SeeInvis .   l - +0 dagger
rCold    . . .     Gourm    .   (no shield)
rNeg     . . .     Faith    .   c - +0 robe
rPois    .         Spirit   .   (no helmet)
rElec    .         Reflect  .   (no cloak)
rCorr    .         Harm     .   (no gloves)
MR       .....     NoTele   +   (no boots)
Stlth    +++.......             (no amulet)
HPRegen  0.06/turn              (no ring)
MPRegen  0.09/turn              (no ring)

@: no status effects
A: slimy green scales 1
a: no special abilities


You were in the Dungeon.
You were not hungry.

You visited 1 branch

Inventory:

Hand Weapons
 l - a +0 dagger (weapon)
Missiles
 b - 26 stones (quivered)
Armour
 c - a +0 robe (worn)
Wands
 a - a wand of digging (5/24)
Scrolls
 j - a scroll of blinking {!r}
Potions
 e - a potion of curing {!q}
 f - a potion of heal wounds {!q}
 g - a potion of haste {!q}
 h - 2 potions of magic {!q}
 i - a potion of mutation {!q, unknown}
Books
 k - a book of Geomancy

   Spells                             Type                      Level
   a - Sandblast                      Earth                        1
   b - Passwall                       Transmutation/Earth          2
   c - Stone Arrow                    Conjuration/Earth            3
   d - Petrify                        Transmutation/Earth          4
   e - Lee's Rapid Deconstruction     Earth                        5
Comestibles
 d - a bread ration
 m - 2 chunks of flesh


   Skills:
 + Level 0.0 Short Blades
 - Level 1.7 Dodging
 - Level 6.0 Stealth
 - Level 2.0 Spellcasting
 - Level 0.8 Transmutations
 - Level 2.6 Earth Magic


You had 2 spell levels left.
You knew the following spells:

 Your Spells              Type           Power        Failure   Level  Hunger
a - Sandblast             Erth           ##....       7%          1    #......
b - Passwall              Tmut/Erth      #.........   16%         2    ###....


Dungeon Overview and Level Annotations

Branches:
Dungeon (1/1)

Altars:


Innate Abilities, Weirdness & Mutations

You are partially covered in slimy green scales. (AC +2)


Message History

You kill Ijyb!
Your Stealth skill gained 5 levels and is now at level 6!
You have reached level 2!
Your demonic ancestry asserts itself...
Slimy green scales grow over part of your body.
a - a wand of digging (?/24);
i - a glowing purple potion {!q}
There is an open door, spattered with blood here.
Things that are here:
a dagger; a leather armour; the goblin corpse of Ijyb
l - a dagger You feel a strong urge to attack something.
You butcher the goblin corpse of Ijyb.
m - 2 chunks of flesh
There is an open door, spattered with blood here.
Things that are here:
a leather armour; the goblin skeleton of Ijyb Unknown command.
You feel your anger nearly subside.
You are no longer berserk.
You are exhausted.
You feel yourself slow down.
Wield which item (- for none, * to show all)? (? for menu, Esc to quit)
Okay, then.
Wield which item (- for none, * to show all)? (? for menu, Esc to quit)
l - a +0 dagger (weapon)
You start resting.
Magic restored.
You start resting.
You feel yourself speed up.
You start resting.
HP restored.
Casting: Sandblast
Confirm with . or Enter, or press ? or * to list all spells.
You don't know that spell.
Unknown command.
Memorise Passwall, consuming 2 spell levels and leaving 2?
You start memorising the spell.
You continue memorising. x2
You finish memorising.
Spell assigned to 'b'.
There is an open door, spattered with blood here.
Things that are here:
a leather armour; the goblin skeleton of Ijyb
Casting: Sandblast
Confirm with . or Enter, or press ? or * to list all spells.
Which direction?
You begin to meditate on the wall.
You continue meditating on the rock. x2
You recover from your berserk rage.
You finish merging with the rock.
An ogre comes into view. It is wielding a giant club.
Unknown command.
The helpless ogre fails to defend itself.
You puncture the ogre!
The ogre is heavily wounded.
The ogre hits you with a giant club!
Ouch! That really hurt!
* * * LOW HITPOINT WARNING * * *
Casting: Passwall
Confirm with . or Enter, or press ? or * to list all spells.
Aiming: Sandblast
Press: ? - help, Shift-Dir - straight line, f - ogre
Aim: an ogre, wielding a giant club (heavily wounded)
The blast of sand misses the ogre.
b - 26 stones The ogre hits you with a giant club!!
Ouch! That really hurt!
You die...

##########
#<.#..+..#
#..[..#@O+
#..#####+#
#..# #..#
#..# #⌠⌠#
####


You could see an ogre.

Vanquished Creatures
  Ijyb (D)
1 creature vanquished.

Notes
Turn   | Place    | Note
-------+----------+-------------------------------------------
     0 | D        | Amnesiac the Demonspawn Earth Elementalist began the quest for the Orb.
     0 | D        | Reached XP level 1. HP: 13/13 MP: 3/3
     1 | D        | Noticed Ijyb
    14 | D        | Killed Ijyb
    14 | D        | Reached skill level 6 in Stealth
    14 | D        | Gained mutation: You are partially covered in slimy green scales. (AC +2) [demonic ancestry]
    14 | D        | Reached XP level 2. HP: 19/19 MP: 0/5
    50 | D        | Learned a level 2 spell: Passwall
    57 | D        | Noticed an ogre
    58 | D        | Annihilated by an ogre

Vault maps used:
D:        dungeon_sprint_1

Skill      XL: |  1 |
---------------+----+-----
Stealth        | 6 |  6.0
Dodging        | |  1.7
Spellcasting   | |  2.0
Transmutations | |  0.8
Earth Magic    | |  2.6

Action                   || total
-------------------------++-------
Melee: Unarmed           ||     8
       Dagger            ||     1
 Cast: Sandblast         ||     4
       Passwall          ||     1
  Use: Potion            ||     1
 Stab: Sleeping          ||     1
Armor: Robe              ||     2
Dodge: Dodged            ||     3

Table legend:
 A = Spawn XP
 B = Non-spawn XP
 C = Spawn XP percentage of total XP
 D = Spawn monster count
 E = Non-spawn monster count
 F = Spawn count percentage of total count
 G = Total turns spent on level
                    A         B        C        D         E        F      G
               +---------+---------+-------+---------+---------+-------+---------
         Total |       0 |      36 |   0.0 |       0 |       1 |   0.0 |    58
               +---------+---------+-------+---------+---------+-------+---------
             D |       0 |      36 |   0.0 |       0 |       1 |   0.0 |    58
               +---------+---------+-------+---------+---------+-------+---------
